 Dungeon Crawl Stone Soup version 0.26.1-11-gd32895ea62 (webtiles) character file.

Game seed: 9590135187765753986

116 promet the Vandal (level 5, 0/35 HPs)
             Began as a Halfling Hunter on July 12, 2021.
             Slain by Eustachio
             ... wielding a +0 rapier
              (4 damage)
             ... on level 4 of the Dungeon on July 16, 2021.
             The game lasted 00:22:18 (2763 turns).

promet the Vandal (Halfling Hunter)                 Turns: 2763, Time: 00:22:18

Health: 0/35       AC:  7    Str: 13    XL:     5   Next: 21%
Magic:  5/5        EV: 15    Int: 10    God:
Gold:   145        SH:  0    Dex: 21    Spells: 4/4 levels left

rFire    . . .     SeeInvis +   a - +0 dagger (pain)
rCold    . . .     Faith    .   (shield restricted)
rNeg     . . .     Spirit   .   c - +1 leather armour
rPois    .         Reflect  .   w - +0 helmet
rElec    .         Harm     .   (no cloak)
rCorr    .         Rampage  .   h - +1 pair of gloves
Will     .....                  (no boots)
Stlth    ++........             (no amulet)
HPRegen  0.11/turn              g - ring of see invisible
MPRegen  0.09/turn              p - +6 ring of dexterity

@: studying Crossbows
A: small, mutation resistance 1
a: no special abilities


You were on level 4 of the Dungeon.
You visited 1 branch of the dungeon, and saw 4 of its levels.

You collected 145 gold pieces.

Inventory:

Hand Weapons
 a - a +0 dagger of pain (weapon)
 b - a +2 hunting sling
 m - a +0 spear
 q - a +0 short sword
 v - a +0 trident
Missiles
 d - 35 sling bullets
 j - 19 bolts
 k - 23 stones
 t - 5 poisoned darts (quivered)
 u - 7 datura-tipped darts
Armour
 c - a +1 leather armour (worn)
 h - a +1 pair of gloves (worn)
 w - a +0 helmet (worn)
Jewellery
 f - an uncursed ring of flight
 g - a ring of see invisible (left hand)
 p - a +6 ring of dexterity (right hand)
Scrolls
 e - 3 scrolls of magic mapping
 i - 3 scrolls of remove curse
 l - 2 scrolls of amnesia
 n - 3 scrolls of identify
Books
 s - a manual of Crossbows


   Skills:
 * Level 2.5 Fighting
 + Level 2.1 Short Blades
 + Level 7.3 Slings
 + Level 1.0 Armour
 + Level 2.4 Dodging
 + Level 1.4 Stealth


You had 4 spell levels left.
You didn't know any spells.
Your spell library was empty.

Dungeon Overview and Level Annotations

Branches:
Dungeon (4/15)
 Temple: D:4-7

Altars:
Zin

Shops:
D:3 *

Annotations:
D:4 Eustachio


Innate Abilities, Weirdness & Mutations

You are small and have problems with some larger weapons.
You are somewhat resistant to further mutation.


Message History

Eustachio is moderately wounded.
Eustachio hits you but does no damage. Eustachio hits you with a +0 rapier.
You hit Eustachio but do no damage.
Eustachio is moderately wounded.
Eustachio hits you with a +0 rapier.
You closely miss Eustachio.
Eustachio is moderately wounded.
Eustachio misses you.
You hit Eustachio but do no damage.
Eustachio is moderately wounded.
Eustachio hits you but does no damage.
You closely miss Eustachio.
Eustachio is moderately wounded.
Eustachio hits you with a +0 rapier!
* * * LOW HITPOINT WARNING * * *
Eustachio barely misses you.
You hit Eustachio.
Eustachio is moderately wounded.
Eustachio hits you with a +0 rapier.
You die...

#......#
#......#
#.<....# ###.
#......##....
#............
#............
#...........<
#............
#....@...####
#...@....#
##.###..##
#.# ..# #.#
.... #(#
..... #(#
....... #.#
.[#.... #(.
.##....


You could see the neutral Eustachio (fast, strong, insane).

Vanquished Creatures
  4 adders
  An ooze (D:2)
  5 dart slugs
  3 leopard geckos
  9 bats
  2 giant cockroaches
  4 goblins
  7 hobgoblins
  3 jackals
  5 kobolds
  3 quokkas (D:3)
  6 frilled lizards
  14 rats
66 creatures vanquished.

Notes
Turn   | Place    | Note
-------+----------+-------------------------------------------
     0 | D:1      | promet the Halfling Hunter began the quest for the Orb.
     0 | D:1      | Reached XP level 1. HP: 14/14 MP: 1/1
    59 | D:1      | Reached skill level 6 in Slings
    97 | D:1      | Reached XP level 2. HP: 19/19 MP: 2/2
   380 | D:1      | Reached skill level 1 in Short Blades
   448 | D:1      | Reached XP level 3. HP: 24/24 MP: 3/3
   903 | D:2      | Reached skill level 7 in Slings
  1123 | D:2      | Reached XP level 4. HP: 29/29 MP: 4/4
  1948 | D:3      | Found a glowing silver altar of Zin.
  1949 | D:3      | Found Zin's Purification Station.
  2142 | D:3      | Reached XP level 5. HP: 35/35 MP: 5/5
  2305 | D:3      | Reached skill level 1 in Armour
  2731 | D:4      | Noticed Eustachio
  2763 | D:4      | Slain by Eustachio

Illustrated notes

Levels and vault maps discovered:
D:1:      lemuel_arrival_behind_the_door_small, layout_loops_ring
D:2:      layout_basic
D:3:      layout_basic, zin_purify, chequers_serial_rivers_room_b,
          solitary_fountain, minmay_checkerbox
D:4:      layout_rooms, nemelex_altar_shiori, nicolae_overflow_hidden_temple,
          nicolae_overflow_crystal_walls, portal_sewer_entry_d, uniq_edmund,
          uniq_eustachio

Skill      XL: |  1  2  3  4  5 |
---------------+----------------+-----
Slings         | 6 7 |  7.3
Short Blades   | 1 2 |  2.1
Fighting       | 2 |  2.5
Armour         | 1 |  1.0
Dodging        | |  2.4
Stealth        | |  1.4

Action                   |  1- 3 |  4- 6 || total
-------------------------+-------+-------++-------
Melee: Short sword       |    58 |    36 ||    94
       Dagger            |       |    51 ||    51
 Fire: Hunting sling     |    48 |    34 ||    82
Throw: Dart              |       |     1 ||     1
       Throwing net      |       |     1 ||     1
  Use: Scroll            |     6 |     4 ||    10
       Potion            |     3 |     2 ||     5
 Stab: Sleeping          |     1 |     1 ||     2
Armor: Leather armour    |    19 |    19 ||    38
Dodge: Dodged            |    46 |    62 ||   108
